 Dungeon Crawl Stone Soup version 0.31.0-11-ge490571c62 (webtiles) character file.

Game seed: 13620541980819789697

427 Edyrem the Cleaver (level 6, -2/56 HPs)
             Began as a Minotaur Berserker on Feb 5, 2024.
             Was a Believer of Trog.
             Incinerated by a bombardier beetle (3 damage)
             ... with a burning spray
             ... on level 4 of the Dungeon.
             The game lasted 00:08:29 (2150 turns).

Edyrem the Cleaver (Minotaur Berserker)             Turns: 2150, Time: 00:08:30

Health: -2/56      AC:  5    Str: 22    XL:     6   Next: 65%
Magic:  1/1        EV:  6    Int:  6    God:    Trog [**....]
Gold:   130        SH:  0    Dex: 11    Spells: 5/5 levels left

rFire   x . .        b - +7 whip "Varat" {antimagic, Fly rF- Int+2 SInv}
rCold   . . .        g - +0 buckler
rNeg    + . .        i - +0 ring mail
rPois   .            m - +0 hat
rElec   .            (no cloak)
rCorr   .            (no gloves)
SInv    +            (no boots)
Will    +++..        (no amulet) Stlth
                     k - ring of positive energy
HPRegen 1.29/turn    q - ring of flight
MPRegen 0.07/turn

%: no passive effects
@: on fire, strong-willed (expiring), enlightened, flying, held, regenerating
(expiring), glowing
A: horns 2, retaliatory headbutt
a: Renounce Religion, Berserk, Trog's Hand


You were on level 4 of the Dungeon.
You worshipped Trog.
Trog was pleased with you.
You visited 1 branch of the dungeon, and saw 4 of its levels.

You collected 142 gold pieces.
You spent 12 gold pieces at shops.

Inventory:

Hand Weapons
 a - a +0 hand axe
 b - the +7 whip "Varat" (weapon) {antimagic, Fly rF- Int+2 SInv}
   (You found it on level 3 of the Dungeon)

   Int+2:     It affects your intelligence (+2).
   rF-:       It makes you vulnerable to fire.
   SInv:      It lets you see invisible.
   Fly:       It grants you flight.
 c - a +0 short sword of speed
Missiles
 r - 5 curare-tipped darts (quivered)
Armour
 f - a +0 leather armour
 g - a +0 buckler (worn)
 i - a +0 ring mail (worn)
 m - a +0 hat (worn)
Jewellery
 k - a ring of positive energy (left hand)
 q - a ring of flight (right hand)
Wands
 t - a wand of light (10)
Scrolls
 l - a scroll of revelation {unknown}
 n - a scroll of enchant armour {unknown}
 o - a scroll of silence {unknown}
 p - 3 scrolls of blinking {unknown}
 s - a scroll of torment {unknown}
 u - a scroll of teleportation {unknown}
 v - 3 scrolls of fog {unknown}
Potions
 d - a potion of curing {unknown}
 e - a potion of enlightenment
 h - a potion of lignification {unknown}
 j - a potion of cancellation {unknown}


   Skills:
 + Level 5.4 Fighting
 * Level 8.1 Axes
 - Level 2.4 Armour
 - Level 2.1 Dodging


You had 5 spell levels left.
You didn't know any spells.
Your spell library was empty.

Dungeon Overview and Level Annotations

Branches:
Dungeon (4/15)
 Temple: D:4-7

Altars:

Shops:
D:1 =*=?!   D:3 =


Innate Abilities, Weirdness & Mutations

You have a pair of horns on your head.
You reflexively headbutt those who attack you in melee.


Message History

The giant cockroach barely misses you. The hobgoblin closely misses you.
The bombardier beetle bites you but does no damage.
You hit the bombardier beetle.
The bombardier beetle is heavily wounded.
The liquid fire burns you!
The giant cockroach bites you but does no damage.
The hobgoblin barely misses you.
You hit the bombardier beetle.
The bombardier beetle is almost dead.
The liquid fire burns you! The ribbon worm bites you.
The giant cockroach bites you but does no damage.
The bombardier beetle sprays incendiary fluid at you.
The burning spray hits you.
You are even more covered in liquid fire!
You whack the bombardier beetle!
You kill the bombardier beetle!
Trog accepts your kill. The liquid fire burns you!
* * * LOW HITPOINT WARNING * * *
The hobgoblin barely misses you. The giant cockroach bites you.
* * * LOW HITPOINT WARNING * * *
The ribbon worm expels a string of sticky webbing.
The stream of webbing hits you but does no damage.
You are caught in a web!
Your skin crawls.
You feel strong-willed. The liquid fire burns you!
* * * LOW HITPOINT WARNING * * *
You feel the effects of Trog's Hand fading.
The hobgoblin hits you.
* * * LOW HITPOINT WARNING * * *
The giant cockroach bites you but does no damage.
The ribbon worm expels a string of sticky webbing.
The stream of webbing hits you but does no damage.
You are even more entangled.
It was a potion of enlightenment.
You feel more buoyant. The liquid fire burns you!
You die...

...............
.................
#................
................$
#.......>........
#................
#......†.......).
#................
#......<.@†......
#.......gBw...)..
#................
#................
#................
##...............
##..............
##.............


You could see a ribbon worm (catching breath), a giant cockroach and a
hobgoblin.

Vanquished Creatures
  Sigmund (D:2)
  A hound (D:4)
  2 bombardier beetles
  A hound zombie (D:3)
  2 hound skeletons (D:3)
  3 gnolls (D:3)
  2 adders
  An adder skeleton (D:3)
  2 ribbon worms (D:3)
  8 orcs (D:3)
  2 ball pythons
  8 endoplasms
  3 giant cockroaches (D:1)
  3 goblins
  9 hobgoblins
  3 jackals (D:3)
  4 kobolds
  3 quokkas
  A ball python skeleton (D:3)
  5 bats
  2 frilled lizards (D:2)
  A jackal skeleton (D:3)
  2 rats (D:1)
69 creatures vanquished.

Vanquished Creatures (others)
  A goblin (D:4)
1 creature vanquished.

Grand Total: 70 creatures vanquished

Notes
Turn   | Place    | Note
-------+----------+-------------------------------------------
     0 | D:1      | Edyrem the Minotaur Berserker began the quest for the Orb.
     0 | D:1      | Reached XP level 1. HP: 19/19 MP: 0/0
    81 | D:1      | Reached skill level 4 in Axes
   110 | D:1      | Reached XP level 2. HP: 27/27 MP: 1/1
   295 | D:1      | Found Ydibb's Jewellery Emporium.
   361 | D:1      | Found Gonawace's Assorted Antiques.
   362 | D:1      | Found Izuddoaf's Jewellery Emporium.
   456 | D:1      | Found Zerac's Magic Scroll Emporium.
   590 | D:1      | Found Watros's Distillery.
   594 | D:1      | Bought a potion of degeneration for 12 gold pieces
   830 | D:2      | Reached XP level 3. HP: 33/33 MP: 2/2
   867 | D:2      | Reached ** piety under Trog
   909 | D:2      | Noticed Sigmund
   919 | D:2      | Killed Sigmund
   920 | D:2      | Reached skill level 6 in Axes
   920 | D:2      | Reached XP level 4. HP: 41/41 MP: 3/3
   920 | D:2      | Reached XP level 5. HP: 47/47 MP: 4/4
  1014 | D:2      | Found a faded altar of an unknown god.
  1276 | D:3      | Reached skill level 5 in Fighting
  1281 | D:3      | Identified the +7 whip "Varat" {antimagic, Fly rF- Int+2
                  | SInv}
  1289 | D:3      | Found Wulug's Jewellery Shoppe.
  1294 | D:3      | Reached skill level 7 in Axes
  1342 | D:3      | Reached XP level 6. HP: 56/56 MP: 1/5
  2143 | D:4      | Reached skill level 8 in Axes
  2149 | D:4      | HP: 1/56 [hobgoblin (4)]
  2150 | D:4      | Incinerated by a bombardier beetle

Illustrated notes

Levels and vault maps discovered:
D:1:      minmay_arrival_five_plusses, layout_basic, serial_shops, shop, shop,
          shop, nicolae_shop_real_fake_doors, shop, minmay_misc_feat_five,
          minmay_indecisive_spiral
D:2:      layout_rooms, ebering_ecumenical_altar_sacrificial, uniq_sigmund
D:3:      layout_basic, serial_undead, serial_undead_d, serial_undead_b,
          serial_undead_f, serial_undead_e, serial_shops,
          nicolae_shop_statue_plus
D:4:      minmay_inner_zag, layout_basic, fiery_altar_vehumet

Skill      XL: |  1  2  3  4  5  6 |
---------------+-------------------+-----
Axes           | 4 6 7 8 |  8.1
Fighting       | 4 5 |  5.4
Armour         | |  2.4
Dodging        | |  2.1

Action                     |  1- 3 |  4- 6 || total
---------------------------+-------+-------++-------
  Melee: Hand axe          |    55 |    16 ||    71
         Short sword       |     2 |       ||     2
         Headbutt          |     4 |    14 ||    18
         Punch             |     1 |       ||     1
         Whip              |       |    69 ||    69
 Invoke: Berserk           |     1 |       ||     1
         Trog's Hand       |       |     1 ||     1
    Use: Potion            |       |     1 ||     1
 Armour: Animal skin       |     8 |       ||     8
         Leather armour    |     9 |       ||     9
         Ring mail         |    14 |    40 ||    54
  Dodge: Dodged            |    32 |    31 ||    63
  Block: Buckler           |     1 |    10 ||    11
